 Dungeon Crawl Stone Soup version 0.20-a0-1114-g33edf32 (webtiles) character file.

56 4thArraOfDagon the Chiller (level 3, 0/14 HPs)
             Began as a Felid Ice Elementalist on May 6, 2017.
             Succumbed to a worker ant's poison
             ... on level 4 of the Dungeon.
             The game lasted 00:03:23 (729 turns).

4thArraOfDagon the Chiller (Felid Ice Elementalist)  Turns: 729, Time: 00:03:23

Health: 0/14       AC:  1    Str:  4    XL:     3   Next: 69%
Magic:  2/7        EV: 18    Int: 17    God:
Gold:   104        SH:  0    Dex: 16    Spells: 5/6 levels left
                                        Lives:  0   Deaths: 0

rFire    . . .     SeeInvis +     - Unarmed
rCold    . . .     Gourm    .   (shield unavailable)
rNeg     . . .     Faith    .   (armour unavailable)
rPois    .         Spirit   .   (helmet unavailable)
rElec    .         Reflect  .   (cloak unavailable)
rCorr    .         Harm     .   (gloves unavailable)
MR       .....                  (boots unavailable)
Stlth    ++........             (no amulet)
Regen    0.1/turn               (no ring)
MPRegen  0.1/turn               (no ring)

@: lethally poisoned (0 -> -6), flying, quick
A: no armour, no weapons or thrown items, stealth, claws 1, fangs 3, see
invisible, carnivore 3, speed 1, shaggy fur 1, slow metabolism 1, sharp paws
a: no special abilities


You were on level 4 of the Dungeon.
You were full.

You visited 1 branch of the dungeon, and saw 4 of its levels.

You collected 104 gold pieces.

Inventory:

Scrolls
 d - a scroll of fear {unknown}
 e - a scroll of magic mapping {unknown}
 g - 2 scrolls of identify {unknown}
 h - a scroll of teleportation {unknown}
Books
 a - a book of Frost

   Spells                             Type                      Level
   a - Freeze                         Ice                          1
   b - Throw Frost                    Conjuration/Ice              2
   c - Ozocubu's Armour               Charms/Ice                   3
   d - Throw Icicle                   Conjuration/Ice              4
   e - Summon Ice Beast               Ice/Summoning                4
Comestibles
 b - a meat ration
 c - a royal jelly


   Skills:
 - Level 3.0 Dodging
 + Level 3.1 Stealth
 * Level 2.2 Unarmed Combat
 - Level 2.0 Spellcasting
   Level 0.8 Conjurations
 * Level 3.2 Ice Magic


You had 5 spell levels left.
You knew the following spells:

 Your Spells              Type           Power        Failure   Level  Hunger
a - Freeze                Ice            ##..         4%          1    #......


Dungeon Overview and Level Annotations

Branches:
Dungeon (4/15)
 Temple: D:4-7

Altars:
Qazlal
Sif Muna


Innate Abilities, Weirdness & Mutations

You cannot wear armour.
You are incapable of wielding weapons or throwing items.
Your paws allow you to move quietly. (Stealth)
You have sharp claws.
You have razor-sharp teeth.
You have supernaturally acute eyesight. (SInv)
You are carnivorous and can eat meat at any time.
You cover ground quickly.
You are covered in fur. (AC +1)
You have a slow metabolism.
Your sharp claws are effective at attacking unaware monsters.


Message History

It was a potion of flight.
You feel very buoyant.
You fly up into the air.
You feel sick.
There is a lethal amount of poison in your body!
There is a lethal amount of poison in your body!
Unknown command.
You feel sick.
* * * LOW HITPOINT WARNING * * *
You feel sick.
* * * LOW HITPOINT WARNING * * *
You feel sick.
* * * LOW HITPOINT WARNING * * *
You feel sick.
* * * LOW HITPOINT WARNING * * *
You feel sick.
Unknown command.
Unknown command.
Unknown command.
Unknown command.
You die...

#.. #..
.##.Z
.... #..
####
#..##..#
#......#
#..<.@.#
#......#
+......#
########


There were no monsters in sight!

Vanquished Creatures
  A worker ant (D:4)
  An adder (D:3)
  A dart slug (D:1)
  A leopard gecko (D:1)
  A ball python (D:1)
  2 goblins (D:1)
  3 hobgoblins (D:1)
  A quokka (D:3)
  3 bats
  A frilled lizard (D:3)
  3 kobolds
18 creatures vanquished.

Notes
Turn   | Place    | Note
-------+----------+-------------------------------------------
     0 | D:1      | 4thArraOfDagon the Felid Ice Elementalist began the quest for the Orb.
     0 | D:1      | Reached XP level 1. HP: 7/7 MP: 4/4
   139 | D:1      | Reached skill level 1 in Unarmed Combat
   269 | D:1      | Reached XP level 2. HP: 10/11 MP: 3/6
   548 | D:2      | Found a stormy altar of Qazlal.
   657 | D:3      | Reached XP level 3. HP: 11/14 MP: 0/7
   697 | D:3      | Found a deep blue altar of Sif Muna.
   729 | D:4      | Succumbed to a worker ant's poison

Vault maps used:
D:1:      minmay_arrival_four_loops
D:2:      first_bread, nicolae_qazlal_general_emergency
D:3:      overflow_temple_1_default, overflow_temple_1_default
D:4:      regret_index_temple_of_mockery, gammafunk_temple_overflow_elements,
          okawaru_gym_becter, uniq_grinder, uniq_blork_the_orc

Skill      XL: |  1  2  3 |
---------------+----------+-----
Unarmed Combat | 1 2 |  2.2
Dodging        | 3 |  3.0
Ice Magic      | 3 |  3.2
Stealth        | 3 |  3.1
Spellcasting   | |  2.0
Conjurations   | |  0.8

Action                   || total
-------------------------++-------
Melee: Unarmed           ||    15
       Bite              ||     1
 Cast: Freeze            ||    25
  Use: Potion            ||     1
 Stab: Sleeping          ||     8
  Eat: Chunk             ||     4
Armor: Skin              ||     3
Dodge: Dodged            ||    24
